AoeStats
← GoldPhantom

Pilgrims

507960711Analyzed
2v2 RM · 13d ago on Sep 20, 2026· 74m 56s· 4 players
Game mode
Random Map
Map size
Medium (4 player)
Population
200
Speed
Normal
Resources
Standard
Victory
Conquest
Starting age
Dark Age
Ending age
Imperial Age
RankedLock teamsTeams togetherTeam positionsShared explorationLock speedFull tech treeHidden civsTurbo modeCheats
Victory
Defeat
🇭🇰 Lithuanians · Hong Kong SAR China
822
+17
🇺🇸 Portuguese · United States
766
+19
🇸🇰 Italians · Slovakia
843
-18
🇸🇰 Dravidians · Slovakia
841
-18
GoldPhantom
9:18 Loom
13:09 Feudal Age
14:03 Double-Bit Axe
20:28 Castle Age
20:56 Bloodlines
21:34 Wheelbarrow
23:30 Scale Barding Armor
24:00 Gold Mining
24:24 Bow Saw
23:56 Horse Collar
26:16 Husbandry
27:30 Hand Cart
27:01 Town Watch
31:03 Heavy Plow
30:59 Elite Skirmisher
31:45 Thumb Ring
32:21 Fletching
32:41 Forging
32:33 Padded Archer Armor
34:36 Leather Archer Armor
35:44 Chain Barding Armor
37:23 Iron Casting
39:20 Ballistics
42:40 Imperial Age
40:37 Bodkin Arrow
42:44 Cavalier
43:46 Conscription
44:08 Plate Barding Armor
48:06 Chemistry
47:25 Town Patrol
47:02 Elite Leitis
48:57 Tower Shields
51:49 Bracer
53:05 Hoardings
53:31 Ring Archer Armor
53:28 Fervor
53:33 Guilds
53:25 Squires
54:20 Crop Rotation
54:51 Town Patrol
56:09 Sanctity
74:41 Herbal Medicine
WakeUP6151
5:50 Loom
12:40 Feudal Age
13:16 Double-Bit Axe
13:40 Fishing Lines
14:00 Gold Mining
18:35 Castle Age
21:26 Wheelbarrow
21:13 Town Watch
24:13 Horse Collar
25:18 Bow Saw
26:42 Gambesons
27:00 Scale Mail Armor
29:46 Town Patrol
35:19 Heavy Plow
36:36 Forging
36:42 Chain Mail Armor
36:32 Padded Archer Armor
38:01 Hand Cart
37:58 Guard Tower
38:38 Circumnavigation
42:37 Imperial Age
39:54 Pikeman
40:44 Stone Mining
41:41 Ballistics
41:03 Treadmill Crane
42:43 Stone Shaft Mining
42:52 Coinage
42:18 Fletching
42:45 Leather Archer Armor
42:37 Scale Barding Armor
43:07 Iron Casting
42:34 Man-at-Arms
42:59 Arson
43:45 Conscription
44:12 Arquebus
44:42 Elite Organ Gun
46:32 Bodkin Arrow
47:46 Chemistry
53:38 Murder Holes
53:55 Masonry
53:34 Long Swordsman
54:25 Sappers
55:29 Herbal Medicine
56:01 Two-Handed Swordsman
56:40 Capped Ram
60:38 Cavalier
61:19 Husbandry
61:29 Bloodlines
61:50 Chain Barding Armor
XxTatarkaxX
7:45 Loom
13:06 Feudal Age
25:30 Castle Age
24:22 Double-Bit Axe
24:38 Gold Mining
25:38 Fishing Lines
27:16 Bow Saw
27:01 Stone Mining
27:35 Ballistics
26:58 Treadmill Crane
28:36 Padded Archer Armor
28:26 Fletching
29:10 Squires
28:30 Pikeman
28:57 Arson
29:29 Gillnets
30:26 Bodkin Arrow
31:05 Town Watch
31:56 Wheelbarrow
31:13 Horse Collar
32:44 Thumb Ring
33:45 Clinker Construction
33:46 Careening
33:32 Murder Holes
40:44 Imperial Age
38:32 Hand Cart
39:38 Town Patrol
40:41 Silk Road
41:31 Bracer
41:47 Leather Archer Armor
42:31 Conscription
42:57 Heavy Plow
44:08 Chemistry
45:03 Shipwright
45:24 Husbandry
45:35 Bloodlines
45:57 Leather Archer Armor
52:43 Onager
56:46 Dry Dock
56:47 Carvel Hull
57:03 Forging
56:53 Scale Mail Armor
56:58 Scale Barding Armor
57:56 Ring Archer Armor
57:36 Scale Barding Armor
58:58 Iron Casting
61:20 Elite Skirmisher
61:24 Light Cavalry
62:37 Chain Barding Armor
63:17 Blast Furnace
62:33 Chain Mail Armor
64:51 Hussar
66:33 Cavalier
Terárko
8:41 Loom
12:53 Feudal Age
15:16 Double-Bit Axe
17:06 Wheelbarrow
16:15 Fishing Lines
22:57 Castle Age
23:48 Medium Warships
23:55 Forging
23:53 Scale Barding Armor
23:11 Light Cavalry
24:23 Hand Cart
24:17 Gold Mining
24:17 Stone Mining
25:21 Bow Saw
27:23 Iron Casting
27:19 Pikeman
27:44 Gambesons
28:16 Scale Mail Armor
28:26 Gillnets
28:55 Squires
30:32 Crossbowman
30:39 Elite Skirmisher
31:30 Fletching
31:41 Padded Archer Armor
32:40 Horse Collar
33:27 Thumb Ring
35:02 Medical Corps
40:43 Imperial Age
40:51 Ballistics
40:30 Murder Holes
40:59 Chain Mail Armor
40:41 Bodkin Arrow
41:44 Wootz Steel
41:45 Conscription
43:06 Bracer
43:39 Halberdier
44:09 Arbalester
45:43 Onager
48:11 Chemistry
55:28 Blast Furnace
54:58 Plate Mail Armor
54:50 Chain Barding Armor
54:49 Leather Archer Armor
55:28 Elite Elephant Archer
60:36 Chain Barding Armor
66:26 Heavy Plow
Connection lost

Rejoining the realm…

Still unreachable

The connection could not be restored.

Session expired

The server has moved on; the page needs a fresh start.